AoeStats
← RIO1000

Arabia

507875251Analyzed
1v1 RM · 14d ago on Sep 20, 2026· 64m 59s· 2 players
Game mode
Random Map
Map size
Tiny (2 player)
Population
200
Speed
Normal
Resources
Standard
Victory
Conquest
Starting age
Dark Age
Ending age
Imperial Age
RankedLock teamsTeams togetherTeam positionsShared explorationLock speedFull tech treeHidden civsTurbo modeCheats
Victory
Defeat
🇲🇽 Magyars · Mexico
866
+14
🇦🇷 Magyars · Argentina
821
-14
Tradermots
0:37 Loom
12:00 Feudal Age
18:36 Scale Mail Armor
23:50 Castle Age
22:24 Bloodlines
24:21 Wheelbarrow
25:20 Pikeman
28:10 Double-Bit Axe
28:31 Arson
29:11 Chain Mail Armor
30:31 Gold Mining
30:51 Husbandry
30:47 Fletching
38:33 Corvinian Army
43:36 Horse Collar
50:21 Heavy Plow
61:59 Hand Cart
64:54 Imperial Age
62:12 Town Watch
RIO1000
6:56 Loom
9:43 Feudal Age
10:14 Double-Bit Axe
16:20 Horse Collar
20:32 Castle Age
18:48 Gold Mining
21:31 Bow Saw
21:59 Heavy Plow
22:58 Wheelbarrow
23:41 Bloodlines
23:33 Husbandry
25:03 Stone Mining
29:42 Scale Barding Armor
31:30 Chain Barding Armor
35:58 Imperial Age
34:47 Hand Cart
42:39 Imperial Age
41:30 Fletching
42:42 Cavalier
45:05 Two-Man Saw
45:40 Plate Barding Armor
50:14 Town Watch
52:03 Paladin
53:53 Bodkin Arrow
54:52 Town Patrol
56:42 Bracer
57:56 Gold Shaft Mining
57:49 Conscription
57:39 Padded Archer Armor
57:29 Crossbowman
58:17 Thumb Ring
60:10 Arbalester
62:24 Ballistics
Connection lost

Rejoining the realm…

Still unreachable

The connection could not be restored.

Session expired

The server has moved on; the page needs a fresh start.